 Dungeon Crawl Stone Soup version 0.30.1-10-g1249ef9ec4 (webtiles) character file.

Game seed: 3587735565256769466

98 lonewolfV2 the Covered (level 4, -1/35 HPs)
             Began as a Demonspawn Fighter on Oct 26, 2023.
             Slain by an iguana (10 damage)
             ... on level 3 of the Dungeon.
             The game lasted 00:03:08 (1540 turns).

lonewolfV2 the Covered (Demonspawn Fighter)         Turns: 1540, Time: 00:03:08

Health: -1/35      AC: 11    Str: 17 (18) XL:     4   Next: 43%
Magic:  4/4        EV:  8    Int:  8 (10) God:
Gold:   49         SH:  4    Dex: 12 (14) Spells: 3/3 levels left

rFire   . . .        a - +0 war axe
rCold   . . .        c - +0 buckler
rNeg    . . .        o - +1 chain mail
rPois   .            (helmet restricted)
rElec   .            (no cloak)
rCorr   .            (no gloves)
SInv    .            m - +0 pair of boots
Will    .....        (no amulet) Stlth
                     (no ring)
HPRegen 0.25/turn    (no ring)
MPRegen 0.09/turn

%: no passive effects
@: no status effects
A: antennae 2, thin skeletal structure 1
a: no special abilities


You were on level 3 of the Dungeon.
You visited 1 branch of the dungeon, and saw 3 of its levels.

You collected 49 gold pieces.

Inventory:

Hand Weapons
 a - a +0 war axe (weapon)
Armour
 c - a +0 buckler (worn)
 m - a +0 pair of boots (worn)
 o - a +1 chain mail (worn)
Scrolls
 e - 2 scrolls of teleportation
Potions
 b - a potion of berserk rage {unknown}
 d - 3 potions of might
 h - 5 potions of curing
 k - 2 potions of attraction


   Skills:
 - Level 3.0 Fighting
 - Level 1.7 Axes
 + Level 3.5 Armour
 * Level 3.0 Dodging
 - Level 2.6 Shields


You had 3 spell levels left.
You didn't know any spells.
Your spell library contained the following spells:

 Spells                   Type           Power      Damage    Failure   Level
 Dazzling Flash           Conj/Hex       0%         N/A       100%        3
 Gell's Gravitas          Tloc           0%         N/A       100%        3
 Teleport Other           Tloc           0%         N/A       100%        3
 Agony                    Necr           0%         N/A       100%        5
 Silence                  Hex/Air        0%         N/A       100%        5
 Dispersal                Tloc           0%         N/A       100%        6


Dungeon Overview and Level Annotations

Branches:
Dungeon (3/15)

Altars:

Shops:
D:1 ?


Innate Abilities, Weirdness & Mutations

You have a pair of antennae on your head.
You have a somewhat thin skeletal structure. (Dex +2, Stealth+)


Message History

You barely miss the ball python.
The ball python bites you but does no damage.
The ball python constricts you. You block the ball python's attack.
The ball python constricts you.
You barely miss the ball python. The ball python bites you.
The ball python constricts you. The ball python barely misses you.
The ball python constricts you.
You slash the ball python!
You kill the ball python!
The orc hits you but does no damage.
You barely miss the orc. You block the orc's attack.
You closely miss the orc. The orc hits you but does no damage.
The orc barely misses you.
You closely miss the orc. You block the orc's attack.
You slash the orc!
You kill the orc!
You barely miss the iguana.
The iguana bites you but does no damage. x2
You closely miss the iguana. The iguana bites you.
You hit the iguana.
The iguana is lightly wounded.
The iguana bites you! You block the iguana's attack.
You closely miss the iguana.
The iguana is lightly wounded.
The iguana bites you but does no damage.
You slash the iguana!
The iguana is heavily wounded.
The iguana bites you but does no damage.
The iguana bites you!
You barely miss the iguana.
The iguana is heavily wounded.
The iguana bites you!
* * * LOW HITPOINT WARNING * * *
You hit the iguana but do no damage.
The iguana is heavily wounded.
The iguana closely misses you.
You hit the iguana but do no damage.
The iguana is heavily wounded.
The iguana bites you!
You die...

#####.#.# #....##..........
...##)#.####.#..##.........#
##...........#..(....†..#
...(...........###..###<#
######..###.#.##.##..##.##..
######..##.#..#...'.........
...)....#.....##.##.###.####
######.##..#####'#....# #
#....## #@#####..# #.#(.# {
+#l...# .... #.##.# { [.???#
### #.##.# { .)..$#
######.##.. $)$??#
.......###.. #..)## ########
### ####


You could see an iguana.

Vanquished Creatures
  An orc wizard (D:3)
  Robin (D:2)
  An adder (D:3)
  A worm (D:3)
  4 orcs (D:3)
  4 endoplasms
  2 giant cockroaches
  6 goblins (D:2)
  4 hobgoblins
  3 quokkas
  7 ball pythons
  3 bats
  3 frilled lizards
  3 kobolds
  2 rats
45 creatures vanquished.

Notes
Turn   | Place    | Note
-------+----------+-------------------------------------------
     0 | D:1      | lonewolfV2 the Demonspawn Fighter began the quest for the
                  | Orb.
     0 | D:1      | Reached XP level 1. HP: 18/18 MP: 1/1
   211 | D:1      | Reached skill level 1 in Dodging
   259 | D:1      | Found Pinugg's Magic Scroll Boutique.
   340 | D:1      | Gained mutation: You have a pair of small antennae on your
                  | head. [demonic ancestry]
   340 | D:1      | Reached XP level 2. HP: 24/24 MP: 2/2
  1058 | D:2      | Noticed Robin
  1069 | D:2      | Killed Robin
  1070 | D:2      | Gained mutation: You have a pair of antennae on your head.
                  | [demonic ancestry]
  1070 | D:2      | Reached XP level 3. HP: 21/29 MP: 3/3
  1342 | D:3      | Gained mutation: You have a somewhat thin skeletal
                  | structure. (Dex +2, Stealth+) [demonic ancestry]
  1342 | D:3      | Reached XP level 4. HP: 16/35 MP: 4/4
  1540 | D:3      | Slain by an iguana

Illustrated notes

Levels and vault maps discovered:
D:1:      dpeg_arrival_shrine, layout_basic, serial_bayou, serial_bayou_pond_d,
          serial_bayou_shore_b, serial_bayou_pond_b, serial_bayou_pond_d,
          serial_shops, nicolae_shop_hallway_stairs
D:2:      layout_loops_ring, uniq_robin
D:3:      layout_loops_ring, pdpol_wu_jian_five_deadly_venoms,
          chequers_serial_rivers_room_b, dreamdust_princess_bridge,
          minmay_joined_circles

Skill      XL: |  1  2  3  4 |
---------------+-------------+-----
Dodging        | 1 2 3 |  3.0
Armour         | 3 |  3.5
Fighting       | |  3.0
Axes           | |  1.7
Shields        | |  2.6

Action                     |  1- 3 |  4- 6 || total
---------------------------+-------+-------++-------
  Melee: War axe           |    82 |    52 ||   134
    Use: Scroll            |     6 |       ||     6
         Potion            |     4 |       ||     4
 Armour: Scale mail        |    40 |       ||    40
         Chain mail        |    24 |    24 ||    48
  Dodge: Dodged            |    44 |    27 ||    71
  Block: Buckler           |    30 |    13 ||    43
